AoeStats
← miguelon01

Arena

509224895Analyzed
4v4 RM · 6d ago on Sep 26, 2026· 47m 36s· 8 players
Game mode
Random Map
Map size
Large (8 player)
Population
200
Speed
Normal
Resources
Standard
Victory
Conquest
Starting age
Dark Age
Ending age
Imperial Age
RankedLock teamsTeams togetherTeam positionsShared explorationLock speedFull tech treeHidden civsTurbo modeCheats
Victory
Defeat
🇧🇴 Cumans · Bolivia
1212
+15
🇧🇷 Teutons · Brazil
1187
+16
🇧🇷 Koreans · Brazil
1160
+17
🇮🇹 Vikings · Italy
1149
+19
🇩🇪 Italians · Germany
1213
-18
🇺🇸 Danes · United States
1205
-17
🇲🇽 Saxons · Mexico
1188
-17
🇨🇷 Chinese · Costa Rica
1142
-15
Tikka Masala
9:13 Feudal Age
9:23 Man-at-Arms
10:48 Double-Bit Axe
18:31 Castle Age
17:06 Horse Collar
19:13 Loom
20:08 Bow Saw
20:03 Squires
20:10 Scale Mail Armor
22:19 Arson
22:46 Forging
27:30 Loom
36:01 Iron Casting
35:41 Chain Mail Armor
39:19 Imperial Age
37:00 Chieftains
37:21 Fletching
37:20 Crossbowman
38:25 Bodkin Arrow
39:24 Ballistics
39:06 Gold Mining
39:24 Arbalester
40:12 Bracer
41:19 Chemistry
41:03 Conscription
41:31 Town Watch
41:55 Bogsveigar
44:01 Siege Engineers
44:09 Siege Engineers
43:55 Onager
45:33 Gold Shaft Mining
45:19 Treadmill Crane
46:37 Padded Archer Armor
Zx0mB0Y
11:30 Feudal Age
11:57 Horse Collar
15:01 Castle Age
13:40 Double-Bit Axe
18:13 Bow Saw
20:51 Heavy Plow
23:01 Gold Mining
26:01 Wheelbarrow
25:15 Loom
25:46 Stone Mining
27:07 Hand Cart
27:41 Gold Shaft Mining
30:10 Imperial Age
27:30 Town Watch
29:23 Forging
29:19 Scale Barding Armor
30:53 Iron Casting
30:39 Chain Barding Armor
30:43 Ballistics
30:16 Elite Steppe Lancer
31:08 Bloodlines
30:37 Cavalier
31:56 Coinage
32:37 Blast Furnace
32:13 Plate Barding Armor
32:26 Fletching
32:38 Padded Archer Armor
35:14 Two-Man Saw
34:45 Crop Rotation
34:23 Steppe Husbandry
36:43 Town Patrol
36:43 Bodkin Arrow
37:04 Leather Archer Armor
38:33 Ring Archer Armor
38:04 Scale Mail Armor
37:26 Light Cavalry
39:08 Chemistry
39:31 Conscription
39:27 Murder Holes
39:48 Chain Mail Armor
40:52 Cuman Mercenaries
41:25 Elite Kipchak
43:30 Plate Mail Armor
miguelon01
8:25 Loom
10:23 Feudal Age
22:02 Castle Age
19:48 Double-Bit Axe
20:51 Horse Collar
21:02 Stone Mining
29:30 Fletching
33:05 Wheelbarrow
33:48 Forging
33:44 Scale Barding Armor
34:36 Bodkin Arrow
37:00 Bow Saw
36:57 Gold Mining
39:12 Heavy Plow
44:05 Imperial Age
44:56 Bracer
45:19 Ballistics
46:00 Chemistry
44:55 Crossbowman
45:43 Thumb Ring
46:23 Arbalester
Lord Housedrick
10:30 Feudal Age
11:04 Double-Bit Axe
16:21 Castle Age
17:22 Bow Saw
16:54 Horse Collar
18:25 Heavy Plow
18:13 Loom
18:16 Town Watch
19:24 Wheelbarrow
19:53 Wheelbarrow
19:46 Gold Mining
19:47 Stone Mining
21:39 Hand Cart
28:33 Imperial Age
26:39 Masonry
27:43 Ironclad
26:47 Pikeman
27:28 Squires
27:13 Arson
27:34 Scale Mail Armor
27:44 Forging
28:35 Halberdier
29:59 Chain Mail Armor
30:21 Iron Casting
29:37 Fletching
29:10 Capped Ram
31:57 Plate Mail Armor
31:40 Siege Engineers
33:03 Chemistry
33:25 Conscription
34:18 Hoardings
35:48 Crenellations
35:50 Onager
36:44 Fletching
38:12 Blast Furnace
40:47 Bodkin Arrow
44:35 Siege Onager
Schalamax1
6:47 Loom
8:55 Feudal Age
7:11 Loom
9:41 Double-Bit Axe
17:40 Town Watch
21:44 Fletching
28:04 Castle Age
28:38 Bodkin Arrow
29:50 Guard Tower
31:40 Bow Saw
31:31 Stone Mining
32:18 Ballistics
Elzao
0:31 Loom
9:44 Feudal Age
12:33 Town Watch
15:14 Castle Age
14:36 Fletching
21:09 Double-Bit Axe
22:10 Scale Mail Armor
24:19 Stone Mining
26:28 Crossbowman
28:57 Wheelbarrow
29:40 Padded Archer Armor
33:01 Bodkin Arrow
33:22 Leather Archer Armor
34:35 Ballistics
35:07 Forging
35:17 Horse Collar
36:30 Iron Casting
36:20 Great Wall
36:32 Fortified Wall
37:09 Thumb Ring
41:53 Imperial Age
40:23 Bow Saw
40:16 Heavy Plow
40:10 Gold Mining
40:56 Stone Shaft Mining
39:53 Elite Skirmisher
40:38 Squires
40:24 Arson
41:45 Chain Mail Armor
41:59 Hand Cart
42:00 Masonry
41:56 Pikeman
42:40 Bracer
43:50 Ring Archer Armor
43:54 Architecture
46:20 Chemistry
FRKNCY
6:42 Loom
8:50 Feudal Age
9:37 Double-Bit Axe
10:52 Horse Collar
19:44 Castle Age
20:26 Heavy Plow
20:39 Bow Saw
24:16 Wheelbarrow
24:02 Fletching
25:04 Bodkin Arrow
26:20 Padded Archer Armor
28:00 Hand Cart
31:37 Imperial Age
29:34 Ballistics
30:49 Leather Archer Armor
33:20 Chemistry
32:21 Bracer
32:49 Conscription
32:56 Conscription
33:29 Ring Archer Armor
36:02 Ballistics
39:22 Bloodlines
39:13 Husbandry
38:33 Light Cavalry
39:25 Forging
40:18 Hussar
41:03 Scale Barding Armor
Mantis
10:57 Feudal Age
12:34 Double-Bit Axe
15:09 Castle Age
17:23 Horse Collar
23:53 Bow Saw
23:30 Loom
25:06 Scale Mail Armor
25:24 Gold Mining
25:27 Stone Mining
26:14 Wheelbarrow
25:48 Heavy Plow
28:31 Gold Shaft Mining
28:32 Stone Shaft Mining
28:32 Ballistics
28:31 Hand Cart
28:09 Arson
28:25 Squires
28:10 Gambesons
28:44 Chain Mail Armor
28:39 Forging
32:57 Imperial Age
31:14 Iron Casting
31:27 Hamask
32:04 Fletching
32:55 Bodkin Arrow
33:12 Masonry
34:26 Plate Mail Armor
34:56 Blast Furnace
34:23 Conscription
34:09 Elite Varangian Guard
36:01 Hoardings
35:24 Pikeman
36:32 Halberdier
37:34 Murder Holes
37:45 Siege Engineers
37:58 Bracer
39:01 Chemistry
37:47 Elite Jomsviking
Connection lost

Rejoining the realm…

Still unreachable

The connection could not be restored.

Session expired

The server has moved on; the page needs a fresh start.